 Dungeon Crawl Stone Soup version 0.30-a0-149-g7f746667c4 (webtiles) character file.

Game seed: 15944785143741676004

962 Iusername the Chopper (level 7, -5/61 HPs)
             Began as a Minotaur Fighter on Sept 26, 2022.
             Was a Believer of Qazlal.
             Slain by a gnoll sergeant
             ... wielding a +0 spear
              (11 damage)
             ... on level 5 of the Dungeon.
             The game lasted 00:07:52 (4176 turns).

Iusername the Chopper (Minotaur Fighter)            Turns: 4176, Time: 00:07:54

Health: -5/61      AC:  8    Str: 22    XL:     7   Next: 92%
Magic:  0/6        EV:  6    Int:  5    God:    Qazlal [**....]
Gold:   241        SH:  8    Dex: 13    Spells: 6/6 levels left

rFire   . . .      SeeInvis .    r - +10 war axe "Kastrih" {speed, Dex+3}
rCold   + . .      Faith    .    c - +0 buckler
rNeg    . . .      Spirit   +    g - +0 plate armour
rPois   .          Reflect  .    (helmet restricted)
rElec   .          Harm     .    (no cloak)
rCorr   .          Rampage  .    q - +0 pair of gloves
Will    .....                    (no boots)
Stlth   ..........               F - amulet of guardian spirit
HPRegen 0.20/turn                j - ring of protection from cold
MPRegen 0.10/turn                (no ring)

@: no status effects
A: horns 2, retaliatory headbutt, beak, talons 1, deformed body
a: Renounce Religion, Upheaval


You were on level 5 of the Dungeon.
You worshipped Qazlal.
Qazlal was pleased with you.
You visited 1 branch of the dungeon, and saw 5 of its levels.
You also visited: Ossuary.

You collected 241 gold pieces.

Inventory:

Hand Weapons
 r - the +10 war axe "Kastrih" (weapon) {speed, Dex+3}
   (You found it on level 2 of the Dungeon)

   Attacks with this weapon are significantly faster.
   Dex:       It affects your dexterity (+3).
Missiles
 i - 9 boomerangs (quivered)
Armour
 c - a +0 buckler (worn)
 g - a +0 plate armour (worn)
 q - a +0 pair of gloves (worn)
Jewellery
 j - a ring of protection from cold (left hand)
 F - an amulet of guardian spirit (around neck)
Wands
 y - a wand of roots (13)
Scrolls
 b - a scroll of brand weapon {unknown}
 f - a scroll of butterflies {unknown}
 k - a scroll of silence {unknown}
 l - 4 scrolls of identify {unknown}
 o - a scroll of immolation {unknown}
 s - 3 scrolls of poison {unknown}
 t - 5 scrolls of teleportation
 v - a scroll of summoning {unknown}
 B - a scroll of vulnerability {unknown}
 D - a scroll of fear {unknown}
Potions
 a - a potion of curing {unknown}
 d - a potion of might
 e - 3 potions of flight
 h - 2 potions of brilliance
 m - 2 potions of heal wounds {unknown}
 n - 3 potions of resistance
 u - 2 potions of haste
 w - 3 potions of mutation
 x - 2 potions of cancellation
 z - a potion of ambrosia {unknown}
 A - 3 potions of attraction {unknown}
 C - a potion of degeneration {unknown}


   Skills:
 + Level 5.3 Fighting
 + Level 7.6(8.1) Axes
 + Level 4.1(6.4) Polearms
 + Level 5.8 Armour
 + Level 0.1 Dodging
 + Level 4.7 Shields


You had 6 spell levels left.
You didn't know any spells.
Your spell library was empty.

Dungeon Overview and Level Annotations

Branches:
Dungeon (5/15)            Ossuary (visited)
 Temple: D:4-7

Altars:
Cheibriados
Qazlal

Shops:
D:2 (!=


Innate Abilities, Weirdness & Mutations

You have a pair of horns on your head.
You reflexively headbutt those who attack you in melee.
You have a beak for a mouth.
You have sharp toenails.
Armour fits poorly on your strangely shaped body.


Message History

You block the centaur's attack.
The centaur kicks you but does no damage.
You block the gnoll sergeant's attack.
Items here: ))) [ ††.
You slash the centaur! You headbutt the centaur.
The centaur is almost dead.
You block the centaur's attack. The centaur kicks you.
The gnoll sergeant hits you from afar with a +0 spear!
* * * LOW HITPOINT WARNING * * *
You slash the centaur!
You kill the centaur!
Qazlal accepts your kill.
The gnoll sergeant hits you but does no damage.
You feel very mighty all of a sudden. The gnoll hits you with a +0 club.
* * * LOW HITPOINT WARNING * * *
The gnoll sergeant hits you but does no damage.
The gnoll attacks as you move away! The gnoll hits you with a +0 club.
* * * LOW HITPOINT WARNING * * *
Items here: )) [ †††.
You slash the gnoll!
You kill the gnoll!
Qazlal accepts your kill. The gnoll sergeant barely misses you.
The orc priest looks encouraged for a moment.
The gnoll sergeant hits you with a +0 spear.
* * * LOW HITPOINT WARNING * * *
The gnoll barely misses you.
Items here: )))) [ †††.
It was a potion of mutation.
You feel extremely strange.
Your toenails lengthen and sharpen.
Your body twists and deforms.
Your mouth lengthens and hardens into a beak!
The gnoll sergeant barely misses you. The gnoll closely misses you.
It was a potion of cancellation.
Your magical effects are unravelling.
You feel magically purged.
You feel a little less mighty now.
The sentinel's mark upon you fades away.
The gnoll sergeant hits you with a +0 spear!
You die...

#..#.....#.#.### ..
#..#.#.#.#.#....
#.#######
#..#.#.#.#....#
..g.....#
#..###.###.[..#
....o.?.#
#..........#....
.....g..#
#.......###.....
........# #........#
....<
......))#####).......#
.....
#....Oog@)).......#
...?.
#......g###....>).##
..... #.......#
#.......# #..>.
#.......# #.......#
.... ##.#....#
#.......# #.##...#
#.......# . #...#
#####.### #. ....# .#


You could see an ogre, a gnoll sergeant, an orc priest (resistant) and a gnoll.

Vanquished Creatures
  An ogre (D:5)
  A centaur (D:5)
  A bullfrog (D:4)
  2 elf zombies (Ossuary)
  A centaur zombie (Ossuary)
  A hound (D:4)
  2 jellies
  An orc priest (D:4)
  A human zombie (Ossuary)
  Ijyb (D:5)
  An iguana (D:5)
  3 orc wizards
  2 mummies (Ossuary)
  Robin (D:2)
  8 gnolls
  4 adders
  An adder zombie (Ossuary)
  A worm (D:2)
  2 dart slugs
  16 orcs
  5 bats (D:1)
  3 endoplasms
  2 giant cockroaches
  12 goblins
  9 hobgoblins
  8 jackals (D:2)
  5 quokkas
  5 ball pythons
  5 frilled lizards
  5 goblin zombies
  7 hobgoblin zombies (Ossuary)
  2 jackal zombies (Ossuary)
  10 kobolds
  14 kobold zombies (Ossuary)
  4 orc zombies (Ossuary)
  A quokka zombie (D:5)
  9 rats
  A rat zombie (Ossuary)
158 creatures vanquished.

Notes
Turn   | Place    | Note
-------+----------+-------------------------------------------
     0 | D:1      | Iusername the Minotaur Fighter began the quest for the Orb.
     0 | D:1      | Reached XP level 1. HP: 19/19 MP: 0/0
   325 | D:1      | Reached XP level 2. HP: 25/27 MP: 1/1
   649 | D:1      | Found a faded altar of an unknown god.
  1354 | D:2      | Found Hauled's Distillery.
  1361 | D:2      | Reached XP level 3. HP: 33/33 MP: 2/2
  1531 | D:2      | Noticed Robin
  1577 | D:2      | Killed Robin
  1581 | D:2      | Reached XP level 4. HP: 9/41 MP: 3/3
  2170 | D:2      | Found Guczoret's Weapon Boutique.
  2182 | D:2      | Identified the +10 war axe "Kastrih" {speed, Dex+3}
  2330 | D:2      | Found Odwiass's Jewellery Boutique.
  2478 | D:3      | Reached skill level 1 in Axes
  2479 | D:3      | Reached XP level 5. HP: 46/47 MP: 4/4
  2519 | D:3      | Reached skill level 5 in Armour
  2578 | D:3      | Found a stormy altar of Qazlal.
  2579 | D:3      | Found a snail-covered altar of Cheibriados.
  2585 | D:3      | Reached skill level 2 in Axes
  2605 | D:3      | Became a worshipper of Qazlal Stormbringer
  2718 | D:3      | Reached XP level 6. HP: 51/53 MP: 5/5
  2751 | D:3      | Reached skill level 3 in Axes
  3295 | D:4      | Reached skill level 4 in Axes
  3756 | D:5      | Entered Level 5 of the Dungeon
  3792 | D:5      | Noticed Ijyb
  3798 | D:5      | Paralysed by Ijyb for 3 turns
  3806 | D:5      | Killed Ijyb
  3807 | D:5      | Reached skill level 5 in Axes
  3812 | D:5      | Found a sand-covered staircase.
  3830 | Ossuary  | Entered an ossuary
  3886 | Ossuary  | Reached * piety under Qazlal
  3887 | Ossuary  | Reached XP level 7. HP: 56/60 MP: 6/6
  3938 | Ossuary  | Reached skill level 6 in Axes
  3965 | Ossuary  | Reached skill level 5 in Fighting
  4000 | Ossuary  | Reached ** piety under Qazlal
  4148 | D:5      | Reached skill level 7 in Axes
  4175 | D:5      | Gained mutation: You have sharp toenails. [potion of
                  | mutation]
  4175 | D:5      | Gained mutation: Armour fits poorly on your strangely
                  | shaped body. [potion of mutation]
  4175 | D:5      | Gained mutation: You have a beak for a mouth. [potion of
                  | mutation]
  4176 | D:5      | Slain by a gnoll sergeant

Illustrated notes

Levels and vault maps discovered:
D:1:      dpeg_arrival_pits, layout_loops_cross, shapermc_ecumenical_altar_venn
D:2:      layout_rooms, serial_shops, shop, shop, nicolae_shop_hallway_stairs,
          uniq_robin
D:3:      layout_basic, chequers_temple_overflow_statue_of_worship
D:4:      layout_loops_cross, hangedman_abyss_or_decor_lesser_grid
D:5:      layout_basic, enter_ossuary_4, uniq_ijyb

Skill      XL: |  1  2  3  4  5  6  7 |
---------------+----------------------+-----
Armour         | 4 5 |  5.8
Fighting       | 4 5 |  5.3
Shields        | 4 |  4.7
Polearms       | 3 4 |  4.1
Axes           | 1 2 5 7 |  7.6
Dodging        | |  0.1

Action                   |  1- 3 |  4- 6 |  7- 9 || total
-------------------------+-------+-------+-------++-------
Melee: Trident           |   125 |    33 |       ||   158
       Headbutt          |    15 |    20 |    10 ||    45
       War axe           |       |   112 |    74 ||   186
  Use: Potion            |     2 |       |     3 ||     5
       Scroll            |       |     1 |       ||     1
Armor: Plate armour      |    92 |    85 |    24 ||   201
Dodge: Dodged            |    40 |    30 |    10 ||    80
Block: Buckler           |    26 |    26 |    18 ||    70

Table legend: (Time is in decaauts)
 A = Elapsed time spent in this place.
 B = Non-inter-level travel time spent in this place.
 C = Inter-level travel time spent in this place.
 D = Time resting spent in this place.
 E = Time spent auto-exploring this place.
 F = Levels seen in this place.
 G = Mean time per level.
                   A        B        C        D        E       F      G
               +--------+--------+--------+--------+--------+-----+--------+
         Total |   4178 |   4065 |    113 |    799 |   2426 |   6 |  696.3 |
       Dungeon |   3929 |   3816 |    113 |    799 |   2361 |   5 |  785.8 |
       Ossuary |    249 |    249 |      0 |      0 |     65 |   1 |  249.0 |
               +--------+--------+--------+--------+--------+-----+--------+

Top non-repeatable levels by time:
     D:1: 1369 daAuts
     D:2: 1093 daAuts
     D:3: 733 daAuts
     D:4: 581 daAuts
 Ossuary: 249 daAuts
     D:5: 151 daAuts
